 Dungeon Crawl Stone Soup version 0.24.0 (webtiles) character file.

Game seed: 12362559352142773675, levelgen mode: deterministic

130 Emblim88 the Ruffian (level 4, -7/45 HPs)
             Began as a Troll Monk on Oct 25, 2019.
             Splashed by Ijyb's acid (10 damage)
             ... on level 3 of the Dungeon.
             The game lasted 00:04:13 (1585 turns).

Emblim88 the Ruffian (Troll Monk)                   Turns: 1585, Time: 00:04:14

Health: -7/45      AC:  2    Str: 19    XL:     4   Next: 89%
Magic:  3/3        EV: 11    Int:  6    God:
Gold:   115        SH:  0    Dex: 15    Spells: 3/3 levels left

rFire    x . .     SeeInvis .     - Unarmed
rCold    + . .     Gourm    +   (no shield)
rNeg     . . .     Faith    .   a - +0 robe
rPois    .         Spirit   .   (helmet restricted)
rElec    .         Reflect  .   (no cloak)
rCorr    .         Harm     .   (gloves unavailable)
MR       .....                  (boots unavailable)
Stlth    ++........             (no amulet)
HPRegen  0.55/turn              n - +2 ring of dexterity
MPRegen  0.08/turn              p - ring of ice

@: corroded
A: large, unfitting armour, claws 3, fast metabolism 3, gourmand, regeneration
1, shaggy fur 1, tough skin 3
a: no special abilities


You were on level 3 of the Dungeon.
You were completely stuffed.

You visited 1 branch of the dungeon, and saw 3 of its levels.

You collected 115 gold pieces.

Inventory:

Armour
 a - a +0 robe (worn)
Jewellery
 n - a +2 ring of dexterity (left claw)
 p - a ring of ice (right claw)
 r - an uncursed ring of ice
Scrolls
 c - a scroll of teleportation {unknown}
 d - a scroll of fog {unknown}
 i - a scroll of fear {unknown}
 j - 2 scrolls of identify {unknown}
 q - a scroll of enchant weapon {unknown}
Potions
 e - a potion of might {unknown}
 f - a potion of curing {unknown}
 g - a potion of heal wounds {unknown}
 h - a potion of mutation {unknown}
 k - a potion of flight {unknown}
 l - 2 potions of invisibility {unknown}
 m - a potion of agility {unknown}
Comestibles
 b - 11 rations
 o - 5 chunks of flesh


   Skills:
 + Level 3.3 Fighting
 + Level 3.3 Dodging
 - Level 1.0 Stealth
 + Level 4.1 Unarmed Combat


You had 3 spell levels left.
You didn't know any spells.
Your spell library was empty.

Dungeon Overview and Level Annotations

Branches:
Dungeon (3/15)

Altars:

Annotations:
D:3 Ijyb


Innate Abilities, Weirdness & Mutations

You are too large for most types of armour.
You have claws for hands.
Your metabolism is lightning-fast.
You like to eat raw meat.
Your natural rate of healing is unusually fast.
You are covered in fur. (AC +1)
You have extremely tough skin. (AC +3)


Message History

You are too injured to fight recklessly!
You are too injured to fight recklessly!
You are too injured to fight recklessly!
You are too injured to fight recklessly!
You are too injured to fight recklessly!
You are too injured to fight recklessly!
You are too injured to fight recklessly!
You are too injured to fight recklessly!
You scratch Ijyb.
Ijyb is moderately wounded.
Ijyb closely misses you.
You completely miss Ijyb.
Ijyb is moderately wounded.
The bat hits you. The bat barely misses you. Ijyb hits you with a +0 dagger.
You closely miss Ijyb.
Ijyb is moderately wounded.
The bat misses you.
Ijyb zaps a wand.
The bolt of acid hits you!
* * * LOW HITPOINT WARNING * * *
You are splashed with acid!
You die...

..#
##.########
#.####.#
#......#
.......##
#......#
........#
#......#
........#
#......#
........##
#......#
.........#
#...b..#
.......#.#
#...g..#
.......#.##
#...@..#
########..#
###'####
######.###
#.#
#.........#
#.#
#)######..#
#.#
#....<..#
#.#
.....####..#
#.# ...
+.....###.#
.
#####..##.#


You could see Ijyb and a bat.

Vanquished Creatures
  Terence (D:2)
  4 adders
  An ooze (D:1)
  2 worms
  3 dart slugs
  A leopard gecko (D:1)
  An orc (D:3)
  A giant cockroach (D:1)
  7 goblins
  7 hobgoblins
  3 kobolds (D:2)
  A quokka (D:2)
  4 ball pythons
  11 bats
  A frilled lizard (D:1)
  6 rats
54 creatures vanquished.

Notes
Turn   | Place    | Note
-------+----------+-------------------------------------------
     0 | D:1      | Emblim88 the Troll Monk began the quest for the Orb.
     0 | D:1      | Reached XP level 1. HP: 22/22 MP: 0/0
   169 | D:1      | Reached XP level 2. HP: 29/29 MP: 1/1
   447 | D:1      | Reached XP level 3. HP: 36/36 MP: 2/2
  1125 | D:2      | Noticed Terence
  1135 | D:2      | Killed Terence
  1135 | D:2      | Reached XP level 4. HP: 36/45 MP: 3/3
  1464 | D:3      | Reached skill level 4 in Unarmed Combat
  1579 | D:3      | Noticed Ijyb
  1585 | D:3      | Splashed by Ijyb's acid

Levels and vault maps discovered:
D:1:      dpeg_arrival_rooms_with_view, layout_loops_cross, minivault_19,
          serial_bayou_lagoon_a
D:2:      layout_loops_ring, uniq_terence
D:3:      layout_basic, portal_sewer_entry_e, uniq_ijyb
